SL
SAN MATEO DIRTY REDS @ D.C. DIVIDED
08/30/2038
 
TOP OF THE 1ST
San Mateo Dirty Reds batting - Pitching for D.C. Divided : RHP Clarence Miller
Pitching: RHP Clarence Miller
Batting: LHB Richard Edwards 0-0: Ball
1-0: Ball
2-0: Foul Ball, location: 2F
2-1: Called Strike
2-2: Ball
3-2: Base on Balls
Batting: RHB Kameron Guangorena 0-0: DOUBLE (Line Drive, 3D, EV 100.0 MPH)
Richard Edwards to third
Batting: RHB Daniel McCoy 0-0: Ball
1-0: Foul Ball, location: 2F
1-1: Fly out, F9 (Flyball, 9LM, EV 83.8 MPH)
Runner from 3rd tags up, OUT at HOME! 9-2
Kameron Guangorena to third
Batting: LHB Palaie Gaoteote 0-0: Foul Ball, location: 2F
0-1: Ball
1-1: Swinging Strike
1-2: Ground out 1-3 (Groundball, 34S, EV 83.1 MPH)
Top of the 1st over - 0 runs, 1 hit, 0 errors, 1 left on base; San Mateo 0 - D.C. 0
BOTTOM OF THE 1ST
D.C. Divided batting - Pitching for San Mateo Dirty Reds : RHP CB Huntington
Pitching: RHP CB Huntington
Batting: RHB Kimi Okubo 0-0: Ball
1-0: Called Strike
1-1: Ball
2-1: Ground out 4-3 (Groundball, 4, EV 108.8 MPH)
Batting: RHB Tamasaburo Kato 0-0: Called Strike
0-1: Swinging Strike
0-2: Ball
1-2: Foul Ball, location: 2F
1-2: Foul Ball, location: 2F
1-2: Ball
2-2: Foul Ball, location: 2F
2-2: Ball
3-2: Fly out, F1 (Line Drive, P, EV 68.8 MPH)
Batting: RHB Amon-Ra St. Brown 0-0: Called Strike
0-1: Called Strike
0-2: Foul Ball, location: 2F
0-2: Ground out 2-3 (Groundball, 2R, EV 70.0 MPH)
Bottom of the 1st over - 0 runs, 0 hits, 0 errors, 0 left on base; San Mateo 0 - D.C. 0
TOP OF THE 2ND
San Mateo Dirty Reds batting - Pitching for D.C. Divided : RHP Clarence Miller
Batting: SHB Dylan Carson 0-0: Ground out 1-3 (Groundball, 34S, EV 62.5 MPH)
Batting: LHB Yao-pang Chiang 0-0: Called Strike
0-1: Ball
1-1: Foul Ball, location: 2F
1-2: Ball
2-2: Ball
3-2: Base on Balls
Batting: RHB Sergio Vásquez 0-0: Ball
1-0: Ball
2-0: Called Strike
2-1: Foul Ball, location: 2F
2-2: Foul Ball, location: 2F
2-2: Foul Ball, location: 2F
2-2: Foul Ball, location: 2F
2-2: Ball
3-2: SINGLE (Line Drive, 9S, EV 85.0 MPH)
Yao-pang Chiang to second
Batting: LHB Rio Mence 0-0: Ball
1-0: Called Strike
1-1: Foul Ball, location: 2F
1-2: Fly out, F7 (Flyball, 78M, EV 87.5 MPH)
Batting: RHB Nelson Jaramillo 0-0: SINGLE (Groundball, 56, EV 98.8 MPH) (infield hit)
Yao-pang Chiang to third
Sergio Vásquez to second
Batting: LHB Richard Edwards 0-0: Foul Ball, location: 2F
0-1: Ball
1-1: Swinging Strike
1-2: Foul Ball, location: 2F
1-2: Strikes out swinging
Top of the 2nd over - 0 runs, 2 hits, 0 errors, 3 left on base; San Mateo 0 - D.C. 0
BOTTOM OF THE 2ND
D.C. Divided batting - Pitching for San Mateo Dirty Reds : RHP CB Huntington
Batting: LHB Alex Avery 0-0: Called Strike
0-1: SINGLE (Groundball, 34D, EV 105.6 MPH)
Batting: RHB Ken Bone 0-0: Swinging Strike
0-1: Foul Ball, location: 2F
0-2: Ball
1-2: SINGLE (Flyball, 9LM, EV 110.6 MPH)
Alex Avery to second
Batting: RHB Sinclair Bothof 0-0: Called Strike
0-1: Fly out, F7 (Flyball, 78S, EV 85.0 MPH)
Batting: RHB Charles Atkinson 0-0: Ball
1-0: Ball
2-0: Ball
3-0: Base on Balls
Alex Avery to third
Ken Bone to second
Batting: RHB Martín Chávez 0-0: DOUBLE (Line Drive, 89D, EV 103.1 MPH)
Alex Avery scores
Ken Bone scores
Charles Atkinson to third
Batting: RHB Gustavo González 0-0: Foul Ball, location: 2F
0-1: Swinging Strike
0-2: Foul Ball, location: 2F
0-2: Foul Ball, location: 2F
0-2: Foul Ball, location: 2F
0-2: Strikes out swinging
Batting: RHB Kimi Okubo 0-0: Called Strike
0-1: Swinging Strike
0-2: Ball
1-2: Ball
2-2: Strikes out swinging
Bottom of the 2nd over - 2 runs, 3 hits, 0 errors, 2 left on base; San Mateo 0 - D.C. 2
TOP OF THE 3RD
San Mateo Dirty Reds batting - Pitching for D.C. Divided : RHP Clarence Miller
Batting: RHB Kameron Guangorena 0-0: Ground out 3-1 (Groundball, 34, EV 90.0 MPH)
Batting: RHB Daniel McCoy 0-0: Ball
1-0: Ball
2-0: Called Strike
2-1: Foul Ball, location: 2F
2-2: SINGLE (Line Drive, 4MD, EV 95.0 MPH)
Batting: LHB Palaie Gaoteote 0-0: Ball
1-0: Called Strike
1-1: Ball
2-1: Swinging Strike
2-2: 2-RUN HOME RUN (Flyball, 9D, EV 103.1 MPH), Distance : 382 ft
Batting: SHB Dylan Carson 0-0: Ball
1-0: Ball
2-0: Called Strike
2-1: Ball
3-1: Base on Balls
Batting: LHB Yao-pang Chiang 0-0: Swinging Strike
0-1: Called Strike
Dylan Carson steals 2nd base
0-2: Ball
1-2: Fly out, F7 (Flyball, 7, EV 90.6 MPH)
Batting: RHB Sergio Vásquez 0-0: Fly out, F7 (Flyball, 7D, EV 93.1 MPH)
Top of the 3rd over - 2 runs, 2 hits, 0 errors, 1 left on base; San Mateo 2 - D.C. 2
BOTTOM OF THE 3RD
D.C. Divided batting - Pitching for San Mateo Dirty Reds : RHP CB Huntington
Batting: RHB Tamasaburo Kato 0-0: SINGLE (Flyball, 78S, EV 98.1 MPH)
Batting: RHB Amon-Ra St. Brown 0-0: Ball
1-0: Foul Ball, location: 2F
1-1: Grounds into double play, 5-4-3 (Groundball, 56S, EV 85.0 MPH)
Batting: LHB Alex Avery 0-0: Called Strike
0-1: Ball
1-1: Foul Ball, location: 2F
1-2: Ball
2-2: Ground out 4-3 (Groundball, 4, EV 88.1 MPH)
Bottom of the 3rd over - 0 runs, 1 hit, 0 errors, 0 left on base; San Mateo 2 - D.C. 2
TOP OF THE 4TH
San Mateo Dirty Reds batting - Pitching for D.C. Divided : RHP Clarence Miller
Batting: LHB Rio Mence 0-0: Foul Ball, location: 2F
0-1: Foul Ball, location: 2F
0-2: Ball
1-2: Ball
2-2: Foul Ball, location: 2F
2-2: Foul Ball, location: 2F
2-2: SINGLE (Line Drive, 8LS, EV 88.1 MPH)
Batting: RHB Nelson Jaramillo 0-0: SINGLE (Groundball, 56, EV 103.8 MPH)
Rio Mence to second
Batting: LHB Richard Edwards 0-0: Swinging Strike
0-1: Ball
1-1: Ball
2-1: Foul Ball, location: 2F
2-2: Ball
3-2: Strikes out swinging
Batting: RHB Kameron Guangorena 0-0: Fielders Choice at 2nd, 4-6 (Groundball, 4, EV 106.2 MPH)
Rio Mence to third
Batting: RHB Daniel McCoy 0-0: Swinging Strike
0-1: Ball
1-1: Ball
2-1: DOUBLE (Line Drive, 9LM, EV 103.1 MPH)
Rio Mence scores
Kameron Guangorena to third
Runner from 3rd tries for Home, SAFE, no throw by RF
Batting: LHB Palaie Gaoteote 0-0: Ball
1-0: Fly out, F6 (Popup, 6, EV 61.9 MPH)
Top of the 4th over - 2 runs, 3 hits, 0 errors, 1 left on base; San Mateo 4 - D.C. 2
BOTTOM OF THE 4TH
D.C. Divided batting - Pitching for San Mateo Dirty Reds : RHP CB Huntington
Batting: RHB Ken Bone 0-0: Called Strike
0-1: Fly out, F8 (Flyball, 8LS, EV 69.4 MPH)
Batting: RHB Sinclair Bothof 0-0: Ball
1-0: Called Strike
1-1: DOUBLE (Groundball, 5L, EV 102.5 MPH)
Batting: RHB Charles Atkinson 0-0: Swinging Strike
0-1: Ball
1-1: Ball
2-1: Foul Ball, location: 2F
2-2: Ground out 5-3 (Groundball, 56S, EV 68.8 MPH)
Sinclair Bothof to third
Batting: RHB Martín Chávez 0-0: Ball
1-0: Ball
2-0: Foul Ball, location: 2F
2-1: Swinging Strike
2-2: Strikes out swinging
Bottom of the 4th over - 0 runs, 1 hit, 0 errors, 1 left on base; San Mateo 4 - D.C. 2
TOP OF THE 5TH
San Mateo Dirty Reds batting - Pitching for D.C. Divided : RHP Clarence Miller
Batting: SHB Dylan Carson 0-0: Called Strike
0-1: Swinging Strike
0-2: Ball
1-2: Ball
2-2: Fly out, F8 (Flyball, 8RM, EV 95.0 MPH)
Batting: LHB Yao-pang Chiang 0-0: Fly out, F9 (Flyball, 9S, EV 91.9 MPH)
Batting: RHB Sergio Vásquez 0-0: Fly out, F8 (Flyball, 8RD, EV 93.8 MPH)
Top of the 5th over - 0 runs, 0 hits, 0 errors, 0 left on base; San Mateo 4 - D.C. 2
BOTTOM OF THE 5TH
D.C. Divided batting - Pitching for San Mateo Dirty Reds : RHP CB Huntington
Batting: RHB Gustavo González 0-0: Ball
1-0: Ball
2-0: Called Strike
2-1: Ground out 6-3 (Groundball, 6, EV 80.6 MPH)
Batting: RHB Kimi Okubo 0-0: Called Strike
0-1: Foul Ball, location: 2F
0-2: Ball
1-2: Ground out 6-3 (Groundball, 6, EV 85.6 MPH)
Batting: RHB Tamasaburo Kato 0-0: Ground out 6-3 (Groundball, 6, EV 84.4 MPH)
Bottom of the 5th over - 0 runs, 0 hits, 0 errors, 0 left on base; San Mateo 4 - D.C. 2
TOP OF THE 6TH
San Mateo Dirty Reds batting - Pitching for D.C. Divided : RHP Clarence Miller
Batting: LHB Rio Mence 0-0: Foul Ball, location: 2F
0-1: Called Strike
0-2: SINGLE (Groundball, 34D, EV 105.6 MPH)
Batting: RHB Nelson Jaramillo 0-0: Ball
1-0: Bunt missed!
1-1: Sac Bunt to 3S - play at first, batter OUT! 3-1
Rio Mence to second
Batting: LHB Richard Edwards 0-0: Called Strike
0-1: Called Strike
0-2: Ball
1-2: Ground out 1-3 (Groundball, 13S, EV 63.1 MPH)
Rio Mence to third
Pitching: RHP Trevor Brohard
Batting: RHB Kameron Guangorena 0-0: Swinging Strike
0-1: Swinging Strike
0-2: Strikes out looking
Top of the 6th over - 0 runs, 1 hit, 0 errors, 1 left on base; San Mateo 4 - D.C. 2
BOTTOM OF THE 6TH
D.C. Divided batting - Pitching for San Mateo Dirty Reds : RHP CB Huntington
Batting: RHB Amon-Ra St. Brown 0-0: Swinging Strike
0-1: Ball
1-1: Ball
2-1: Ball
3-1: Called Strike
3-2: Fly out, F9 (Line Drive, 9, EV 108.1 MPH)
Batting: LHB Alex Avery 0-0: Called Strike
0-1: Swinging Strike
0-2: Strikes out swinging
Batting: RHB Ken Bone 0-0: Ball
1-0: Ball
2-0: Called Strike
2-1: Ground out 4-3 (Groundball, 4, EV 86.9 MPH)
Bottom of the 6th over - 0 runs, 0 hits, 0 errors, 0 left on base; San Mateo 4 - D.C. 2
TOP OF THE 7TH
San Mateo Dirty Reds batting - Pitching for D.C. Divided : RHP Trevor Brohard
Batting: RHB Daniel McCoy 0-0: Ball
1-0: Called Strike
1-1: Ground out 6-3 (Groundball, 6, EV 87.5 MPH)
Batting: LHB Palaie Gaoteote 0-0: Ball
1-0: Fly out, F8 (Flyball, 8LS, EV 84.4 MPH)
Batting: SHB Dylan Carson 0-0: Ball
1-0: Called Strike
1-1: Ball
2-1: Foul Ball, location: 2F
2-2: Ground out 4-3 (Groundball, 4, EV 91.9 MPH)
Top of the 7th over - 0 runs, 0 hits, 0 errors, 0 left on base; San Mateo 4 - D.C. 2
BOTTOM OF THE 7TH
D.C. Divided batting - Pitching for San Mateo Dirty Reds : RHP CB Huntington
Pitching: LHP Urs Ehles
Batting: RHB Sinclair Bothof 0-0: Called Strike
0-1: Ball
1-1: Ball
2-1: Called Strike
2-2: Foul Ball, location: 2F
2-2: Ground out 1-3 (Groundball, 34S, EV 83.8 MPH)
Batting: RHB Charles Atkinson 0-0: Ball
1-0: Swinging Strike
1-1: Ball
2-1: Ball
3-1: Base on Balls
Batting: RHB Martín Chávez 0-0: Ball
Charles Atkinson is caught stealing 2nd base 2-4
1-0: Foul Ball, location: 2F
1-1: Ball
2-1: Called Strike
2-2: Strikes out swinging
Bottom of the 7th over - 0 runs, 0 hits, 0 errors, 0 left on base; San Mateo 4 - D.C. 2
TOP OF THE 8TH
San Mateo Dirty Reds batting - Pitching for D.C. Divided : RHP Trevor Brohard
Batting: LHB Yao-pang Chiang 0-0: Called Strike
0-1: Ball
1-1: Ground out 3-1 (Groundball, 34S, EV 75.6 MPH)
Batting: RHB Sergio Vásquez 0-0: Ball
1-0: Ground out 4-3 (Groundball, 4, EV 106.9 MPH)
Batting: LHB Rio Mence 0-0: Ball
1-0: Ball
2-0: Ball
3-0: Base on Balls
Batting: RHB Nelson Jaramillo 0-0: Foul Ball, location: 2F
0-1: Ball
1-1: Ball
2-1: Foul Ball, location: 2F
2-2: Ball
3-2: Ground out 6-3 (Groundball, 6, EV 101.9 MPH)
Top of the 8th over - 0 runs, 0 hits, 0 errors, 1 left on base; San Mateo 4 - D.C. 2
BOTTOM OF THE 8TH
D.C. Divided batting - Pitching for San Mateo Dirty Reds : LHP Urs Ehles
Batting: RHB Gustavo González 0-0: Ball
1-0: Called Strike
1-1: Called Strike
1-2: Ball
2-2: Strikes out swinging
Batting: RHB Kimi Okubo 0-0: Ball
1-0: Called Strike
1-1: Ball
2-1: Called Strike
2-2: Foul Ball, location: 2F
2-2: Ground out 4-3 (Groundball, 4MD, EV 95.6 MPH)
Batting: RHB Tamasaburo Kato 0-0: Called Strike
0-1: Foul Ball, location: 2F
0-2: Fly out, F8 (Flyball, 8RD, EV 91.2 MPH)
Bottom of the 8th over - 0 runs, 0 hits, 0 errors, 0 left on base; San Mateo 4 - D.C. 2
TOP OF THE 9TH
San Mateo Dirty Reds batting - Pitching for D.C. Divided : RHP Trevor Brohard
Batting: LHB Richard Edwards 0-0: Ball
1-0: DOUBLE (Line Drive, 78D, EV 108.1 MPH)
Batting: RHB Kameron Guangorena 0-0: Ball
1-0: Fly out, F5 (Popup, 25F, EV 75.6 MPH)
Batting: RHB Daniel McCoy 0-0: Called Strike
0-1: Foul Ball, location: 2F
0-2: Ground out 5-3 (Groundball, 56, EV 104.4 MPH)
Batting: LHB Palaie Gaoteote 0-0: SINGLE (Groundball, 6, EV 82.5 MPH) (infield hit)
Richard Edwards to third
Batting: SHB Dylan Carson 0-0: Ball
1-0: Ball
2-0: Called Strike
2-1: Ball
3-1: 3-RUN HOME RUN (Flyball, 9LD, EV 87.5 MPH), Distance : 334 ft
Pitching: RHP Josip Primorac
Batting: LHB Yao-pang Chiang 0-0: Ball
1-0: Ball
2-0: Swinging Strike
2-1: Ball
3-1: Ground out U3 (Groundball, 3S, EV 84.4 MPH)
Top of the 9th over - 3 runs, 3 hits, 0 errors, 0 left on base; San Mateo 7 - D.C. 2
BOTTOM OF THE 9TH
D.C. Divided batting - Pitching for San Mateo Dirty Reds : LHP Urs Ehles
Batting: RHB Amon-Ra St. Brown 0-0: Ball
1-0: Ground out 6-3 (Groundball, 6M, EV 107.5 MPH)
Batting: LHB Alex Avery 0-0: Ball
1-0: Called Strike
1-1: Called Strike
1-2: Foul Ball, location: 2F
1-2: Strikes out swinging
Batting: RHB Ken Bone 0-0: Ball
1-0: Called Strike
1-1: Ball
2-1: Ball
3-1: Base on Balls
Pitching: RHP Barney Starr
Batting: RHB Sinclair Bothof 0-0: Ball
1-0: Called Strike
1-1: Ball
2-1: Ball
3-1: Called Strike
3-2: Base on Balls
Ken Bone to second
Batting: RHB Charles Atkinson 0-0: Hit by Pitch
Ken Bone to third
Sinclair Bothof to second
Batting: RHB Martín Chávez 0-0: Ball
1-0: Fly out, F4 (Popup, 34, EV 53.8 MPH)
Bottom of the 9th over - 0 runs, 0 hits, 0 errors, 3 left on base; San Mateo 7 - D.C. 2
Friday, April 17th, 2020 - OOTP Baseball 20.8 Build 74